 Dungeon Crawl Stone Soup version 0.22.1-6-g1668fe2 (webtiles) character file.

6780 systemy the Severer (level 10, -8/89 (90) HPs)
             Began as a Minotaur Berserker on Jan 26, 2019.
             Was a High Priest of Trog.
             Mangled by a fire crab (shapeshifter) (13 damage)
             ... on level 9 of the Dungeon.
             The game lasted 00:11:34 (6774 turns).

systemy the Severer (Minotaur Berserker)            Turns: 6774, Time: 00:11:35

HP:   -8/89 (90)    AC: 15    Str: 24    XL:     10   Next: 76%
MP:   3/3           EV:  8    Int:  4    God:    Trog [*****.]
Gold: 613           SH:  0    Dex: 11    Spells: 9/9 levels left

rFire    . . .     SeeInvis .   I - +2 broad axe (antimagic)
rCold    . . .     Gourm    .   (no shield)
rNeg     . . .     Faith    .   q - +1 plate armour
rPois    .         Spirit   .   (helmet restricted)
rElec    .         Reflect  .   m - +0 cloak
rCorr    .         Harm     .   (no gloves)
MR       .....                  (no boots)
Stlth    ..........             (no amulet)
HPRegen  0.24/turn              t - ring of flight
MPRegen  0.08/turn              u - +3 ring of slaying

@: marked
A: retaliatory headbutt, horns 2, mutation resistance 1, wild magic 1
a: Berserk, Trog's Hand, Brothers in Arms, Renounce Religion, Evoke Flight


You were on level 9 of the Dungeon.
You worshipped Trog.
Trog was extremely pleased with you.
You were hungry.

You visited 1 branch of the dungeon, and saw 9 of its levels.

You collected 613 gold pieces.

Inventory:

Hand Weapons
 a - a +0 hand axe
 p - a +3 hand axe
 I - a +2 antimagic broad axe (weapon)
Armour
 b - a +0 animal skin
 m - a +0 cloak (worn)
 q - a +1 plate armour (worn)
Jewellery
 t - a ring of flight (left hand)
 u - a +3 ring of slaying (right hand)
 v - a cursed -2 ring of intelligence {unknown}
 y - an uncursed ring of positive energy
 B - an uncursed ring of poison resistance {unknown}
 C - an uncursed ring of positive energy
 G - an uncursed amulet of rage
Wands
 z - a wand of polymorph (25)
 F - a wand of acid (16)
 H - a wand of flame (27)
Scrolls
 d - 10 scrolls of teleportation
 h - a scroll of remove curse
 i - 3 scrolls of identify
 j - a scroll of magic mapping {unknown}
 w - a scroll of amnesia {unknown}
 D - a scroll of fog
Potions
 e - a potion of flight {unknown}
 f - a potion of berserk rage
 g - 8 potions of lignification
 k - 2 potions of might
 l - 4 potions of degeneration
 n - 6 potions of curing
 o - a potion of magic
 r - a potion of cancellation {unknown}
 s - a potion of brilliance {unknown}
 x - 2 potions of resistance
 A - a potion of agility
 E - 2 potions of invisibility
Comestibles
 c - 13 rations


   Skills:
 + Level 8.7 Fighting
 * Level 15.6 Axes
 + Level 8.0 Armour
 + Level 3.0 Dodging


You had 9 spell levels left.
You didn't know any spells.
Your spell library was empty.

Dungeon Overview and Level Annotations

Branches:
Dungeon (9/15)             Temple (0/1) D:4
   Lair: D:8-11         Orc: D:9-12

Altars:
Ashenzari
Cheibriados
Dithmenos
Fedhas
Kikubaaqudgha
Makhleb
Ru
Sif Muna
Uskayaw
Vehumet
Wu Jian
Yredelemnul

Shops:
D:6 !

Annotations:
D:9 3 runed doors


Innate Abilities, Weirdness & Mutations

You reflexively headbutt those who attack you in melee.
You have a pair of horns on your head.
You are somewhat resistant to further mutation.
Your spells are a little harder to cast, but a little more powerful.


Message History

You are engulfed in blazing flames.
The fire crab breathes flames at you. The blast of flame engulfs you!
You hit the fire crab.
The fire crab is lightly wounded.
You are engulfed in blazing flames.
The fire crab bites you.
You are engulfed in flames!
The fire crab barely misses you.
You slash the fire crab! Your headbutt misses the fire crab.
The fire crab is moderately wounded.
You are engulfed in blazing flames.
The fire crab bites you.
* * * LOW HITPOINT WARNING * * *
You are engulfed in flames!
* * * LOW HITPOINT WARNING * * *
The fire crab claws you but does no damage.
You slash the fire crab! Your headbutt misses the fire crab.
The fire crab is heavily wounded.
The fire crab bites you!
* * * LOW HITPOINT WARNING * * *
You are engulfed in flames!
You die...

....#
#....#.....#............
....#
#....'.....#............
....#
#....#.....#............
....#
##'####....#............
....#
#.....#######...........
....#
#.....#....##....########
....#
#.....'....##....##......
....#
#.....#§..§##....##......
....#
#.....#.@§§#.............
....#
#.....#§§t§##............
....#
#.....#§§.§##............
....#
#.....#....#.....###+####
<...#
#.....#....#.....#.......
#####
#.....#....#.....#.......
#.....####+###'###.......
#........................
#........................


You could see a fire crab.

Vanquished Creatures
  Erica (D:9)
  An ugly thing (D:8)
  Joseph (D:9)
  Prince Ribbit (D:9)
  A hornet (D:8)
  Grinder (D:6)
  2 wraiths (D:7)
  2 wyverns (D:9)
  A fire bat (D:4)
  A hungry ghost (D:9)
  Edmund (D:6)
  Duvessa (D:5)
  4 ice beasts
  An orc warrior (D:9)
  A phantom (D:6)
  2 sky beasts
  2 necrophages (D:7)
  3 ogres
  5 centaurs
  A big kobold (D:8)
  Blork the orc (D:6)
  An elf zombie (D:7)
  A bullfrog (D:6)
  An elf skeleton (D:7)
  4 scorpions
  Dowan (D:5)
  A jelly (D:7)
  2 howler monkeys (D:8)
  5 crimson imps
  4 human zombies (D:7)
  2 quasits
  6 orc priests
  5 hounds
  13 orc wizards
  A gnoll shaman (D:4)
  Ijyb (D:5)
  2 iguanas (D:5)
  A worker ant (D:4)
  2 hound zombies
  2 mummies (D:7)
  11 gnolls
  9 adders
  An ooze (D:5)
  An adder zombie (D:6)
  3 adder skeletons
  4 worms
  A dart slug (D:2)
  5 leopard geckos
  32 orcs
  2 ball pythons
  3 giant cockroaches
  6 goblins
  4 hobgoblins
  6 jackals
  3 quokkas
  5 bats
  3 frilled lizards (D:1)
  7 kobolds
  A leopard gecko skeleton (D:4)
  5 rats (D:1)
201 creatures vanquished.

Notes
Turn   | Place    | Note
-------+----------+-------------------------------------------
     0 | D:1      | systemy the Minotaur Berserker began the quest for the Orb.
     0 | D:1      | Reached XP level 1. HP: 19/19 MP: 0/0
    27 | D:1      | Reached skill level 4 in Axes
    94 | D:1      | Reached XP level 2. HP: 19/27 MP: 1/1
   652 | D:1      | Reached ** piety under Trog
   866 | D:2      | Reached XP level 3. HP: 31/33 MP: 2/2
  1104 | D:2      | Found a shattered altar of Ashenzari.
  1455 | D:3      | Reached skill level 5 in Axes
  1861 | D:3      | Found a deep blue altar of Sif Muna.
  2138 | D:4      | Reached XP level 4. HP: 37/41 MP: 3/3
  2228 | D:4      | Reached XP level 5. HP: 47/47 MP: 4/4
  2230 | D:4      | Reached skill level 6 in Axes
  2284 | D:4      | Reached *** piety under Trog
  2300 | D:4      | Found a transporter.
  2339 | D:4      | Reached skill level 5 in Fighting
  2344 | D:4      | Reached skill level 7 in Axes
  2344 | D:4      | Reached XP level 6. HP: 37/56 MP: 5/5
  2456 | D:4      | Found a transporter.
  2466 | D:4      | Found a staircase to the Ecumenical Temple.
  2536 | D:4      | Noticed a fire bat
  2608 | D:4      | Killed a fire bat
  2608 | D:4      | Reached skill level 8 in Axes
  2608 | D:4      | Reached XP level 7. HP: 46/61 MP: 6/6
  2950 | D:5      | Entered Level 5 of the Dungeon
  3066 | D:5      | Found a snail-covered altar of Cheibriados.
  3073 | D:5      | Noticed Ijyb
  3086 | D:5      | Killed Ijyb
  3140 | D:5      | Found a hide-covered altar of Uskayaw.
  3146 | D:5      | Reached skill level 9 in Axes
  3291 | D:5      | Noticed Duvessa
  3291 | D:5      | Noticed Dowan
  3300 | D:5      | Killed Dowan
  3301 | D:5      | Killed Duvessa
  3301 | D:5      | Reached XP level 8. HP: 70/70 MP: 7/7
  3309 | D:5      | Reached skill level 5 in Armour
  3434 | D:5      | Found a burning altar of Makhleb.
  3461 | D:5      | Found a radiant altar of Vehumet.
  3662 | D:6      | Reached skill level 10 in Axes
  3682 | D:6      | Reached **** piety under Trog
  3699 | D:6      | Noticed Edmund
  3707 | D:6      | Killed Edmund
  3801 | D:6      | Noticed Blork the orc
  3807 | D:6      | Killed Blork the orc
  3905 | D:6      | Noticed Grinder
  3920 | D:6      | Killed Grinder
  3920 | D:6      | Reached skill level 11 in Axes
  4066 | D:6      | Found Cejim's Distillery.
  4076 | D:6      | Reached XP level 9. HP: 72/79 MP: 2/8
  4166 | D:6      | Gained mutation: Your spells are a little harder to cast,
                  | but a little more powerful. [potion of mutation]
  4166 | D:6      | Gained mutation: You are somewhat resistant to further
                  | mutation. [potion of mutation]
  4301 | D:7      | Reached skill level 12 in Axes
  4331 | D:7      | Found an ancient bone altar of Kikubaaqudgha.
  4380 | D:7      | Found a basalt altar of Yredelemnul.
  4427 | D:7      | Received a gift from Trog
  4540 | D:7      | Reached skill level 13 in Axes
  4889 | D:8      | Found a blossoming altar of Fedhas.
  4944 | D:8      | Reached ***** piety under Trog
  4944 | D:8      | Reached skill level 14 in Axes
  5032 | D:8      | Reached XP level 10. HP: 74/87 MP: 3/9
  5039 | D:8      | Noticed a cyan ugly thing
  5050 | D:8      | Killed a cyan ugly thing
  5155 | D:8      | Found a shadowy altar of Dithmenos.
  5428 | D:8      | Found an ornate altar of the Wu Jian Council.
  5536 | D:9      | Noticed Joseph
  5552 | D:9      | Killed Joseph
  5803 | D:9      | Found a runed gate.
  5804 | D:9      | Found a runed gate.
  5805 | D:9      | Found a runed gate.
  5867 | D:9      | Noticed Erica
  5882 | D:9      | Killed Erica
  5882 | D:9      | Reached skill level 15 in Axes
  6304 | D:9      | Noticed Prince Ribbit
  6318 | D:9      | Killed Prince Ribbit
  6702 | D:9      | Found a sacrificial altar of Ru.
  6769 | D:9      | Noticed a fire crab
  6774 | D:9      | Mangled by a fire crab (shapeshifter)

Skill      XL: |  1  2  3  4  5  6  7  8  9 10 |
---------------+-------------------------------+-----
Axes           | 4 5 7 8 9 11 14 15 | 15.6
Fighting       | 4 5 6 7 8 |  8.7
Armour         | 3 4 5 6 8 |  8.0
Dodging        | 3 |  3.0

Action                   |  1- 3 |  4- 6 |  7- 9 | 10-12 || total
-------------------------+-------+-------+-------+-------++-------
Melee: Hand axe          |    82 |    67 |    88 |       ||   237
       Headbutt          |    12 |    11 |    50 |    21 ||    94
       Broad axe         |       |       |   167 |   109 ||   276
Invok: Berserk           |     1 |     2 |     1 |     1 ||     5
       Trog's Hand       |       |       |     1 |       ||     1
  Use: Scroll            |       |       |     9 |       ||     9
       Potion            |       |       |    10 |       ||    10
 Stab: Sleeping          |     1 |       |       |       ||     1
       Paralysed         |       |       |       |     1 ||     1
  Eat: Chunk             |     4 |     3 |     7 |     1 ||    15
       Ration            |       |       |     1 |     2 ||     3
Armor: Animal skin       |     9 |       |       |       ||     9
       Plate armour      |     5 |    49 |   130 |    53 ||   237
Dodge: Dodged            |    30 |    27 |    74 |    32 ||   163
